 Dungeon Crawl Stone Soup version 0.19.0-2-gae57169 (webtiles) character file.

852 Exaltedone87 the Skirmisher (level 7, 0/87 HPs)
             Began as a Demonspawn Berserker on Nov 5, 2016.
             Was a Priest of Trog.
             Succumbed to a gnoll's poison
             ... on level 5 of the Dungeon.
             The game lasted 00:16:10 (4335 turns).

Exaltedone87 the Skirmisher (Demonspawn Berserker)  Turns: 4335, Time: 00:16:10

Health: 0/87       AC:  9    Str: 28    XL:     7   Next: 69%
Magic:  7/7        EV: 13    Int:  8    God:    Trog [***...]
Gold:   198        SH:  3    Dex: 14    Spells: 0 memorised, 6 levels left

rFire  + . .     SeeInvis .     a - +1 mace
rCold  . . .     Gourm    .     l - +0 leather armour
rNeg   . . .     Faith    .     m - +0 buckler
rPois  .         Spirit   .     c - +1 hat
rElec  .         Reflect  .     (no cloak)
rCorr  .         Harm     .     d - +0 pair of gloves
MR     ++...                    f - +1 pair of boots
Stlth  ..........               (no amulet)
                                j - ring of flight
                                i - +5 ring of strength

@: berserking, lethally poisoned (0 -> -6), regenerating, very quick
A: antennae 2, icy blue scales 1, fire resistance 1
a: Berserk, Trog's Hand, Burn Spellbooks, Renounce Religion, Evoke Flight


You were on level 5 of the Dungeon.
You worshipped Trog.
Trog was most pleased with you.
You were near starving.

You visited 1 branch of the dungeon, and saw 5 of its levels.

You collected 198 gold pieces.

Inventory:

Hand Weapons
 a - a +1 mace (weapon)
Armour
 b - a +0 animal skin
 c - a +1 hat (worn)
 d - a +0 pair of gloves (worn)
 f - a +1 pair of boots (worn)
 l - a +0 leather armour (worn)
 m - a +0 buckler (worn)
Jewellery
 i - a +5 ring of strength (left hand)
 j - a ring of flight (right hand)
Comestibles
 o - a beef jerky


   Skills:
 + Level 6.2 Fighting
 + Level 4.4 Maces & Flails
 + Level 3.7 Armour
 * Level 4.1 Dodging
 - Level 0.2 Stealth


You had 6 spell levels left.
You didn't know any spells.

Dungeon Overview and Level Annotations

Branches:
Dungeon (5/15)
 Temple: D:4-7

Altars:
Ashenzari
Elyvilon
Hepliaklqana
Ru
Trog
Vehumet
The Shining One


Innate Abilities, Weirdness & Mutations

You have a pair of antennae on your head.
You are partially covered in icy blue scales. (AC +2)
Your flesh is heat resistant. (rF+)


Message History

A red film seems to cover your vision as you go berserk!
You feel yourself moving faster!
You feel mighty!
You are feeling very hungry.
You are near starving!
* * * LOW HITPOINT WARNING * * *
You feel very sick. The gnoll hits you but does no damage.
The gnoll hits you with a halberd of venom.
* * * LOW HITPOINT WARNING * * *
You hit the gnoll.
The gnoll is moderately wounded.
* * * LOW HITPOINT WARNING * * *
You feel sick. The gnoll barely misses you.
You hit the gnoll.
The gnoll is severely wounded.
* * * LOW HITPOINT WARNING * * *
You feel sick. You block the gnoll's attack. The gnoll barely misses you.
You sock the gnoll!
You kill the gnoll!
Trog accepts your kill.
You die...

#.
#.########
#..)......
#.......#
#.......#
#.......#
#.....)g#
#..)..@.#
#....)..#
##.##<###
# ###


You could see a gnoll.

Vanquished Creatures
  Sigmund (D:3)
  Purgy (D:3)
  3 hounds (D:4)
  5 orc wizards (D:4)
  A bullfrog skeleton (D:4)
  A centaur skeleton (D:4)
  Jessica (D:3)
  2 iguanas
  3 worker ants (D:4)
  3 gnolls (D:5)
  3 adders
  An ooze (D:4)
  2 worms
  3 dart slugs
  3 leopard geckos
  8 orcs
  3 giant cockroaches
  11 hobgoblins
  12 jackals
  8 kobolds
  A quokka (D:3)
  6 bats
  3 frilled lizards
  10 goblins
  9 rats
104 creatures vanquished.

Notes
Turn   | Place    | Note
-------+----------+-------------------------------------------
     0 | D:1      | Exaltedone87 the Demonspawn Berserker began the quest for the Orb.
     0 | D:1      | Reached XP level 1. HP: 18/18 MP: 1/1
   362 | D:1      | Gained mutation: You are partially covered in icy blue scales. (AC +2) [demonic ancestry]
   362 | D:1      | Reached XP level 2. HP: 20/24 MP: 2/2
   996 | D:2      | Gained mutation: You have a pair of small antennae on your head. [demonic ancestry]
   996 | D:2      | Reached XP level 3. HP: 24/29 MP: 3/3
  1010 | D:2      | Reached ** piety under Trog
  1420 | D:2      | Found a white marble altar of Elyvilon.
  1617 | D:2      | Found a radiant altar of Vehumet.
  2019 | D:2      | Found a sacrificial altar of Ru.
  2197 | D:3      | Gained mutation: Your flesh is heat resistant. (rF+) [demonic ancestry]
  2197 | D:3      | Reached XP level 4. HP: 36/36 MP: 4/4
  2533 | D:3      | Noticed Jessica
  2555 | D:3      | Killed Jessica
  2555 | D:3      | Reached skill level 4 in Fighting
  2797 | D:3      | Found a shattered altar of Ashenzari.
  2799 | D:3      | Found a hazy altar of Hepliaklqana.
  2800 | D:3      | Found a bloodstained altar of Trog.
  2841 | D:3      | Noticed Purgy
  2880 | D:3      | Killed Purgy
  2880 | D:3      | Reached XP level 5. HP: 5/43 MP: 5/5
  3147 | D:3      | Noticed Sigmund
  3171 | D:3      | Killed Sigmund
  3171 | D:3      | Reached skill level 5 in Fighting
  3171 | D:3      | Reached XP level 6. HP: 42/51 MP: 6/6
  3421 | D:4      | Gained mutation: You have a pair of antennae on your head. [demonic ancestry]
  3421 | D:4      | Reached XP level 7. HP: 37/56 MP: 7/7
  3566 | D:4      | Reached *** piety under Trog
  3902 | D:4      | Reached skill level 6 in Fighting
  4044 | D:4      | Found a glowing golden altar of the Shining One.
  4317 | D:5      | Entered Level 5 of the Dungeon
  4332 | D:5      | HP: 3/87 [gnoll/halberd of venom (4)]
  4334 | D:5      | HP: 1/87 [poisoned by a gnoll]
  4335 | D:5      | Succumbed to a gnoll's poison

Skill      XL: |  1  2  3  4  5  6  7 |
---------------+----------------------+-----
Dodging        | 2 3 4 |  4.1
Maces & Flails | 3 4 |  4.4
Armour         | 2 3 |  3.7
Fighting       | 4 5 6 |  6.2
Stealth        | |  0.2

Action                   |  1- 3 |  4- 6 |  7- 9 || total
-------------------------+-------+-------+-------++-------
Melee: Mace              |   194 |   175 |    96 ||   465
Invok: Berserk           |     1 |     4 |     2 ||     7
       Trog's Hand       |       |     5 |     1 ||     6
       Burn Spellbooks   |       |       |     1 ||     1
  Use: Scroll            |     4 |     5 |     4 ||    13
       Potion            |     4 |     2 |       ||     6
 Stab: Sleeping          |     1 |       |     1 ||     2
  Eat: Bread ration      |     1 |     2 |     1 ||     4
       Beef jerky        |     1 |       |       ||     1
Armor: Animal skin       |   103 |    27 |       ||   130
       Leather armour    |       |    75 |    51 ||   126
Dodge: Dodged            |   197 |   167 |    66 ||   430
Block: Buckler           |     9 |    49 |    20 ||    78
